 Dungeon Crawl Stone Soup version 0.25.0-1-g7eea58d2a3 (webtiles) character file.

Game seed: 3293306322045817947

19 LiquidNight the Magician (level 2, -6/20 HPs)
             Began as a Draconian Wizard on June 14, 2020.
             Mangled by a worker ant (8 damage)
             ... on level 2 of the Dungeon.
             The game lasted 00:07:59 (1034 turns).

LiquidNight the Magician (Draconian Wizard)         Turns: 1034, Time: 00:07:59

Health: -6/20      AC:  4    Str:  9    XL:     2   Next: 55%
Magic:  1/6        EV: 12    Int: 24    God:
Gold:   79         SH:  0    Dex:  9    Spells: 5/8 levels left

rFire    . . .     SeeInvis .   b - +0 whip
rCold    . . .     Gourm    .   (no shield)
rNeg     . . .     Faith    .   (armour unavailable)
rPois    .         Spirit   .   a - +0 hat
rElec    .         Reflect  .   (no cloak)
rCorr    .         Harm     .   (no gloves)
MR       .....                  (no boots)
Stlth    ++........             (no amulet)
HPRegen  0.06/turn              e - +6 ring of intelligence
MPRegen  0.10/turn              (no ring)

@: brilliant, lethally poisoned (-6 -> -13), very slightly contaminated
A: unfitting armour, cold-blooded, AC +4
a: no special abilities


You were on level 2 of the Dungeon.
You were not hungry.

You visited 1 branch of the dungeon, and saw 2 of its levels.

You collected 79 gold pieces.

Inventory:

Hand Weapons
 b - a +0 whip (weapon)
Missiles
 f - 60 stones (quivered)
 h - 2 atropa-tipped darts
Armour
 a - a +0 hat (worn)
Jewellery
 e - a +6 ring of intelligence (left hand)
Potions
 d - 2 potions of brilliance
Comestibles
 c - 3 rations


   Skills:
 + Level 1.9 Dodging
 + Level 1.7 Stealth
 * Level 3.7 Spellcasting
 + Level 1.0 Conjurations
 + Level 1.0 Summonings
   Level 1.0 Translocations


You had 5 spell levels left.
You knew the following spells:

 Your Spells              Type           Power        Failure   Level  Hunger
a - Magic Dart            Conj           ##..         6%          1    None
b - Call Imp              Summ           ##......     10%         2    None

Your spell library contained the following spells:

 Spells                   Type           Power        Failure   Level  Hunger
 Blink                    Tloc           N/A          10%         2    None
 Slow                     Hex            #.......     16%         2    None
 Conjure Flame            Conj/Fire      ##......     24%         3    None
 Mephitic Cloud           Conj/Pois/Air  #.......     26%         3    None


Dungeon Overview and Level Annotations

Branches:
Dungeon (2/15)

Altars:


Innate Abilities, Weirdness & Mutations

Your plain brown scales are hard. (AC +4)
You cannot fit into any form of body armour.
You are cold-blooded and may be slowed by cold attacks.


Message History

You closely miss the worker ant.
The worker ant is heavily wounded.
* * * LOW HITPOINT WARNING * * *
You feel sick.
The worker ant bites you but does no damage.
The worker ant closely misses you.
You closely miss the worker ant.
The worker ant is heavily wounded.
The worker ant closely misses you.
You closely miss the worker ant.
The worker ant is heavily wounded.
* * * LOW HITPOINT WARNING * * *
You feel sick. The worker ant barely misses you.
Your crimson imp closely misses the rat.
You barely miss the worker ant.
The worker ant is heavily wounded.
The worker ant misses you.
Your crimson imp blinks!
The worker ant bites you!
You die...

### ..# ######## #.#
#### #...[.<###.# ....
#.######.#.######...#
#.# #........+.%.#
#.######.#.######...#
#...@arĀ§........$#+##
########.#.5.........
#.#.#.###.#.## #.#.#.#
#.#... #.#.#.# #.# ##
..#.#.. ..# ###>...
... #########


You could see a worker ant, a rat and a friendly crimson imp (summoned).

Vanquished Creatures
  2 goblins (D:1)
  A hobgoblin (D:1)
  3 kobolds (D:1)
  3 bats (D:1)
  A frilled lizard (D:1)
  A rat (D:1)
11 creatures vanquished.

Vanquished Creatures (collateral kills)
  An ooze (D:1)
  A giant cockroach (D:1)
  A hobgoblin (D:1)
  A goblin (D:1)
  A kobold (D:1)
  A rat (D:1)
6 creatures vanquished.

Grand Total: 17 creatures vanquished

Notes
Turn   | Place    | Note
-------+----------+-------------------------------------------
     0 | D:1      | LiquidNight the Draconian Wizard began the quest for the
                  | Orb.
     0 | D:1      | Reached XP level 1. HP: 14/14 MP: 4/4
   373 | D:1      | Reached XP level 2. HP: 20/20 MP: 4/6
   387 | D:1      | Learned a level 2 spell: Call Imp
  1034 | D:2      | Mangled by a worker ant

Illustrated notes

Levels and vault maps discovered:
D:1:      roderic_chinese_lattice_arrival, layout_loops_ring
D:2:      layout_basic, first_ration, uniq_sigmund

Action                   || total
-------------------------++-------
Melee: Whip              ||    19
       Tailslap          ||     1
 Cast: Magic Dart        ||    29
       Call Imp          ||     6
  Use: Potion            ||     1
 Stab: Sleeping          ||     2
Armor: Skin              ||    13
Dodge: Dodged            ||    24
